 Dungeon Crawl Stone Soup version 0.30-a0-331-g8ab09dc110 (webtiles) character file.

Game seed: 13383518491385848135

260 Muataran the Trooper (level 5, -12/48 HPs)
             Began as a Minotaur Fighter on Oct 29, 2022.
             Killed from afar by a white imp (13 damage)
             ... with a puff of frost
             ... on level 6 of the Dungeon.
             The game lasted 00:05:05 (2811 turns).

Muataran the Trooper (Minotaur Fighter)             Turns: 2811, Time: 00:05:06

Health: -12/48     AC: 10    Str: 22    XL:     5   Next: 95%
Magic:  4/4        EV:  9    Int:  5    God:
Gold:   159        SH:  4    Dex: 10    Spells: 4/4 levels left

rFire   . . .      SeeInvis .    a - +0 long sword
rCold   . . .      Faith    .    c - +0 buckler
rNeg    . . .      Spirit   .    b - +0 scale mail
rPois   .          Reflect  .    (helmet restricted)
rElec   .          Harm     .    s - +1 cloak
rCorr   .          Rampage  .    (no gloves)
Will    .....                    p - +0 pair of boots
Stlth   ..........               (no amulet)
HPRegen 0.28/turn                (no ring)
MPRegen 0.09/turn                (no ring)

@: mighty
A: horns 2, retaliatory headbutt
a: no special abilities


You were on level 6 of the Dungeon.
You visited 1 branch of the dungeon, and saw 6 of its levels.

You collected 159 gold pieces.

Inventory:

Hand Weapons
 a - a +0 long sword (weapon)
Armour
 b - a +0 scale mail (worn)
 c - a +0 buckler (worn)
 j - a +1 leather armour of fire resistance
 p - a +0 pair of boots (worn)
 s - a +1 cloak (worn)
Jewellery
 w - a ring of resist corrosion
Wands
 t - a wand of flame (26)
Scrolls
 e - a scroll of vulnerability {unknown}
 i - 6 scrolls of identify {unknown}
 l - 2 scrolls of immolation {unknown}
 m - 2 scrolls of teleportation {unknown}
 o - a scroll of noise {unknown}
 r - a scroll of enchant weapon {unknown}
 u - 3 scrolls of amnesia {unknown}
Potions
 f - a potion of degeneration {unknown}
 g - 2 potions of attraction {unknown}
 h - 3 potions of curing {unknown}
 k - a potion of haste {unknown}
 n - a potion of resistance {unknown}
 q - 2 potions of lignification {unknown}
 v - a potion of mutation {unknown}


   Skills:
 + Level 5.4 Fighting
 + Level 4.6 Long Blades
 + Level 5.4 Armour
 - Level 4.0 Shields


You had 4 spell levels left.
You didn't know any spells.
Your spell library contained the following spells:

 Spells                   Type           Power      Damage    Failure   Level
 Magic Dart               Conj           0%         1d3       86%         1
 Call Imp                 Summ           0%         N/A       95%         2
 Mephitic Cloud           Conj/Pois/Air  0%         N/A       99%         3


Dungeon Overview and Level Annotations

Branches:
Dungeon (7/15)
 Temple: D:4-7

Altars:
Wu Jian
The Shining One

Shops:
D:3 (


Innate Abilities, Weirdness & Mutations

You have a pair of horns on your head.
You reflexively headbutt those who attack you in melee.


Message History

The white imp gestures at you. The puff of frost hits you!
* * * LOW HITPOINT WARNING * * *
The steam dragon closely misses you. You furiously retaliate!
You headbutt the steam dragon. The steam dragon barely misses you. x2
You furiously retaliate!
You headbutt the steam dragon.
The steam dragon claws you but does no damage.
You feel very mighty all of a sudden. The steam dragon barely misses you. x2
You barely miss the steam dragon. Your headbutt misses the steam dragon.
The steam dragon is heavily wounded.
The scorpion closely misses you. The steam dragon bites you.
* * * LOW HITPOINT WARNING * * *
The steam dragon claws you but does no damage.
You block the scorpion's attack.
You closely miss the steam dragon. Your headbutt misses the steam dragon.
The steam dragon is heavily wounded.
The scorpion stings you but does no damage.
The white imp closely misses you. The steam dragon bites you.
* * * LOW HITPOINT WARNING * * *
The steam dragon barely misses you.
You slash the steam dragon!
The steam dragon is almost dead.
You block the scorpion's attack. The white imp barely misses you.
You block the steam dragon's attack.
The steam dragon claws you but does no damage.
The scorpion stings you but does no damage.
You hit the steam dragon.
The steam dragon is almost dead.
The white imp hits you.
* * * LOW HITPOINT WARNING * * *
The white imp freezes you.
* * * LOW HITPOINT WARNING * * *
The jelly hits you but does no damage. You block the steam dragon's attack.
The steam dragon claws you but does no damage.
The scorpion stings you.
* * * LOW HITPOINT WARNING * * *
The white imp gestures at you. The puff of frost hits you!
You die...

... .. .. ....
#. .# .....#.
.#.# .....#.
.#.####
...#.#.#....#
.###...........
........J......
#D@s...$..
#))5......
#....#....
#....# ...
#....# . #....#
###..... #....#
......


You could see a steam dragon, a scorpion, a jelly and a white imp.

Vanquished Creatures
  A phantom (D:7)
  A hound (D:6)
  Crazy Yiuf (D:3)
  An orc wizard (D:3)
  4 adders
  A dart slug (D:3)
  7 orcs
  6 endoplasms
  4 giant cockroaches
  5 goblins
  3 hobgoblins
  3 jackals (D:1)
  4 kobolds
  2 quokkas
  2 ball pythons
  6 bats
  A frilled lizard (D:3)
  4 rats
56 creatures vanquished.

Notes
Turn   | Place    | Note
-------+----------+-------------------------------------------
     0 | D:1      | Muataran the Minotaur Fighter began the quest for the Orb.
     0 | D:1      | Reached XP level 1. HP: 19/19 MP: 0/0
   565 | D:1      | Reached XP level 2. HP: 25/27 MP: 1/1
   953 | D:2      | Reached XP level 3. HP: 26/33 MP: 2/2
  1727 | D:3      | Reached XP level 4. HP: 21/41 MP: 3/3
  1900 | D:3      | Identified the +0 scale mail "Zoxeq" {Str+5 SInv Stlth-}
  2001 | D:3      | Found Quqodgh's Weapon Shoppe.
  2199 | D:3      | Found a runed translucent door.
  2200 | D:3      | Noticed Crazy Yiuf
  2428 | D:3      | Killed Crazy Yiuf
  2478 | D:4      | Reached XP level 5. HP: 38/47 MP: 4/4
  2537 | D:4      | Found a glowing golden altar of the Shining One.
  2679 | D:4      | You fall into a shaft and drop 3 floors!
  2679 | D:7      | Found an ornate altar of the Wu Jian Council.
  2708 | D:7      | Noticed a phantom
  2720 | D:7      | Killed a phantom
  2721 | D:7      | Reached skill level 5 in Fighting
  2721 | D:7      | Reached skill level 5 in Armour
  2796 | D:6      | Noticed a steam dragon
  2811 | D:6      | HP: 2/48 [white imp (2)]
  2811 | D:6      | Killed from afar by a white imp

Illustrated notes

Levels and vault maps discovered:
D:1:      minmay_arrival_hallway, layout_basic
D:2:      layout_loops_ring
D:3:      layout_basic, serial_shops, nicolae_shop_bloodbath_and_beyond,
          uniq_crazy_yiuf_cottage
D:4:      layout_cave_pools, mainiacjoe_overflow_boulevard
D:6:      kennysheep_windowed_halls, layout_basic, mainiacjoe_overflow_chevrons,
          lightli_orcish_oven, uniq_duvessa, uniq_eustachio, uniq_prince_ribbit1
D:7:      layout_layer_cave, amcnicky_altar_gilded,
          mainiacjoe_overflow_divided_tiny, minmay_temple_entry_tees

Skill      XL: |  1  2  3  4  5 |
---------------+----------------+-----
Fighting       | 4 5 |  5.4
Shields        | 4 |  4.0
Armour         | 4 5 |  5.4
Long Blades    | 3 4 |  4.6

Action                   |  1- 3 |  4- 6 || total
-------------------------+-------+-------++-------
Melee: Long sword        |    84 |    74 ||   158
       Headbutt          |    10 |     7 ||    17
  Use: Potion            |       |     2 ||     2
Armor: Scale mail        |    44 |    31 ||    75
Dodge: Dodged            |    38 |    44 ||    82
Block: Buckler           |    16 |    14 ||    30

Table legend: (Time is in decaauts)
 A = Elapsed time spent in this place.
 B = Non-inter-level travel time spent in this place.
 C = Inter-level travel time spent in this place.
 D = Time resting spent in this place.
 E = Time spent auto-exploring this place.
 F = Levels seen in this place.
 G = Mean time per level.
                   A        B        C        D        E       F      G
               +--------+--------+--------+--------+--------+-----+--------+
         Total |   2852 |   2777 |     75 |    221 |   2091 |   6 |  475.3 |
       Dungeon |   2852 |   2777 |     75 |    221 |   2091 |   6 |  475.3 |
               +--------+--------+--------+--------+--------+-----+--------+

Top non-repeatable levels by time:
     D:3: 914 daAuts
     D:1: 832 daAuts
     D:2: 759 daAuts
     D:4: 209 daAuts
     D:7: 108 daAuts
     D:6: 28 daAuts
